 Dungeon Crawl Stone Soup version 0.30-a0-702-gdf48620a09 (webtiles) character file.

Game seed: 7158928412598401110

17212 Citaku the Protected (level 12, -3/127 (160) HPs)
             Began as a Minotaur Fighter on Jan 21, 2023.
             Was an Initiate of Gozag.
             Slain by Odyam's ghost (10 damage)
             ... on level 12 of the Dungeon.
             The game lasted 00:20:42 (11185 turns).

Citaku the Protected (Minotaur Fighter)            Turns: 11185, Time: 00:20:42

HP:   -3/127 (160)  AC: 26    Str: 27 (30) XL:     12   Next: 16%
MP:   11/11         EV:  2    Int:  2 (5)  God:    Gozag
Gold: 4657          SH:  9    Dex:  9 (12) Spells: 11/11 levels left

rFire   . . .      SeeInvis .    B - +2 broad axe (vamp)
rCold   . . .      Faith    .    L - +3 buckler
rNeg    . . .      Spirit   .    (body armour currently unavailable)
rPois   +          Reflect  .    (helmet currently unavailable)
rElec   .          Harm     .    (cloak currently unavailable)
rCorr   .          Rampage  .    (gloves currently unavailable)
Will    .....      Clarity  +    (boots currently unavailable)
Stlth   +          NoTele   +    (no amulet)
HPRegen 0.41/turn                p - ring of poison resistance
MPRegen 0.12/turn                a - +6 ring of strength

@: tree-form, on berserk cooldown, slowed, heavily drained, very slow
A: stationary, stasis, torment immunity, boosted hp, (horns 2), (retaliatory
headbutt), clarity, mutation resistance 1, (poison resistance)
a: Renounce Religion, Potion Petition, Call Merchant, Bribe Branch


You were on level 12 of the Dungeon.
You worshipped Gozag.
Gozag was most pleased with you.
You were a tree.
You visited 2 branches of the dungeon, and saw 13 of its levels.
You also visited: Bailey.

You collected 4725 gold pieces.
You paid 68 gold pieces to Gozag.

Inventory:

Hand Weapons
 B - a +2 vampiric broad axe (weapon)
 J - the +9 war axe "Rateoh" {flame, Int+3}
   (You found it on level 5 of the Dungeon)

   Int:       It affects your intelligence (+3).
Armour
 j - a +0 pair of boots (melded)
 w - a +0 plate armour (melded)
 I - a +0 pair of gloves (melded)
 L - a +3 buckler (worn)
Jewellery
 a - a +6 ring of strength (right branch)
 p - a ring of poison resistance (left branch)
Wands
 c - a wand of paralysis (9)
 E - a wand of mindburst (18)
Scrolls
 b - a scroll of silence
 e - a scroll of poison
 q - 3 scrolls of vulnerability
 u - 2 scrolls of fog
 v - 4 scrolls of fear
 G - 2 scrolls of teleportation
Potions
 f - 4 potions of mutation
 h - 2 potions of invisibility
 i - 5 potions of degeneration
 k - 4 potions of ambrosia
 l - a potion of magic
 n - 3 potions of berserk rage
 o - a potion of brilliance {unknown}
 r - a potion of resistance {unknown}
 s - 2 potions of attraction {unknown}
 t - 3 potions of lignification
 x - 5 potions of cancellation {unknown}
 z - 5 potions of curing
 A - 3 potions of heal wounds {unknown}
 D - 2 potions of haste {unknown}


   Skills:
 + Level 10.4 Fighting
 * Level 14.0 Axes
 * Level 14.3 Armour
 + Level 10.5 Shields


You had 11 spell levels left.
You didn't know any spells.
Your spell library contained the following spells:

 Spells                   Type           Power      Damage    Failure   Level
 Beastly Appendage        Tmut           0%         N/A       61%         1
 Lesser Beckoning         Tloc           0%         N/A       75%         2
 Static Discharge         Conj/Air       0%         2-2/arc   75%         2
 Wereblood                Tmut           0%         N/A       75%         2
 Gell's Gravitas          Tloc           0%         N/A       93%         3
 Kindle Blastsparks       Fire/Tloc/Air  0%         2d10      93%         3
 Spider Form              Tmut/Pois      0%         N/A       93%         3
 Teleport Other           Tloc           0%         N/A       93%         3
 Vhi's Electric Charge    Tloc/Air       0%         N/A       93%         3
 Airstrike                Air            0%         2d(0-16)  100%        4
 Fulminant Prism          Conj/Hex       0%         3d5       100%        4
 Iskenderun's Mystic Bla  Conj/Tloc      0%         2d3       100%        4
 Summon Lightning Spire   Summ/Air       0%         N/A       100%        4
 Arcjolt                  Conj/Air       0%         1d10      100%        5
 Lee's Rapid Deconstruct  Erth           0%         3d4*      100%        5
 Lightning Bolt           Conj/Air       0%         1d11      100%        5


Dungeon Overview and Level Annotations

Branches:
Dungeon (12/15)            Temple (1/1) D:4            Lair (0/5) D:9
    Orc (0/2) D:10         Bailey (visited)

Altars:
Ashenzari
Cheibriados
Dithmenos
Elyvilon
Fedhas
Gozag
Hepliaklqana
Kikubaaqudgha
Makhleb
Nemelex Xobeh
Okawaru
Qazlal
Ru
Sif Muna
Trog
Uskayaw
Vehumet
Wu Jian
Xom
Yredelemnul
Zin
The Shining One

Shops:
D:1 ?

Annotations:
D:3 2 transporters
D:12 LetschGu's ghost, journeyman SpHs; Odyam's ghost, journeyman MiFi; flinch's ghost, journeyman DjAE


Innate Abilities, Weirdness & Mutations

You are a tree.
Your roots penetrate the ground, keeping you stationary.
You cannot be teleported.
You are immune to unholy pain and torment.
Your maximum health is greatly increased.
Your equipment is partially melded.
((You have a pair of horns on your head.))
((You reflexively headbutt those who attack you in melee.))
You possess an exceptional clarity of mind.
You are somewhat resistant to further mutation.
((Your system is resistant to poisons. (rPois)))


Message History

Your +0 pair of gloves melds into your body.
Your +0 pair of boots melds into your body.
Your +0 plate armour melds into your body.
Your roots penetrate the ground.
Odyam's ghost hits you.
You feel drained. LetschGu's ghost casts a spell at you.
You resist with significant effort. Flinch's ghost hits you.
It was a potion of curing.
You feel better.
Odyam's ghost hits you but does no damage.
You feel drained.
LetschGu's ghost hits you but does no damage.
You block flinch's ghost's attack. Odyam's ghost hits you!
You feel drained.
Flinch's ghost hits you but does no damage.
LetschGu's ghost points at you and mumbles some strange words.
You feel as though you will be slow longer.
You barely miss Odyam's ghost.
Odyam's ghost is almost destroyed.
You slash LetschGu's ghost! You barely miss flinch's ghost.
Odyam's ghost says, "My insurmountable tactics guarantee your defeat."
Odyam's ghost hits you.
You feel drained. LetschGu's ghost hits you! LetschGu's ghost freezes you!
* * * LOW HITPOINT WARNING * * *
Flinch's ghost hits you!
* * * LOW HITPOINT WARNING * * *
You hit Odyam's ghost but do no damage.
Odyam's ghost is almost destroyed.
You hit flinch's ghost. You slash the two-headed ogre!
You feel better.
You miss LetschGu's ghost.
Odyam's ghost boasts, "I have defeated monsters you have never seen."
Odyam's ghost hits you!
* * * LOW HITPOINT WARNING * * *
You feel drained.
* * * LOW HITPOINT WARNING * * *
LetschGu's ghost hits you but does no damage.
Flinch's ghost waves its arms in wide circles.
The air twists around and strikes you.
The two-headed ogre hits you with a +0 giant club!
* * * LOW HITPOINT WARNING * * *
You block the two-headed ogre's attack. Odyam's ghost hits you!
You die...
Your body crumbles into a pile of gold.

#.........# #........# .
#.........# #........# ..
#.........# #........#...
#.........#####...........>
#.........##..+........#
+....)....##.##........#
#.........'..##........#
#.........##....O..##+##
###'########...♣......#
#<.# ###WWW######
###'####### ♣.......♣
#.........##⌠.......⌠#
#.........##♣.......♣#
+.........##!........#
#.........###8.....8##
#.........+ ##)$8}?##
#.........#


You could see a two-headed ogre, LetschGu's ghost, Odyam's ghost and flinch's
ghost.

Vanquished Creatures
  2 vault guards (Bailey)
  A boulder beetle (D:11)
  The ghost of WasteTime5 the Insei, a novice OpTm (D:6)
  A deep elf pyromancer (D:11)
  A cyclops (D:11)
  Maurice (D:8)
  A gargoyle (D:12)
  An efreet (D:8)
  2 komodo dragons
  2 trolls
  A hornet (D:11)
  A blink frog (Bailey)
  Prince Ribbit (D:9)
  A shadow (D:11)
  6 slime creatures (D:11)
  A vampire (D:9)
  4 wyverns
  2 wraiths
  4 humans (Bailey)
  Grum (D:8)
  24 yaks
  Menkaure (D:5)
  An acid dragon (D:11)
  2 water moccasins (D:8)
  3 orc warriors
  4 ice beasts
  A black bear (D:3)
  2 sky beasts
  6 centaurs
  4 wolves
  A phantom (D:5)
  4 kobold brigands
  Blork the orc (D:5)
  15 bullfrogs
  2 gnoll sergeants
  4 scorpions
  6 killer bees (D:9)
  5 howler monkeys
  A crimson imp (D:5)
  3 jellies
  7 hounds
  4 orc priests
  Natasha (thrice) (D:3)
  5 iguanas
  7 orc wizards
  7 adders
  12 gnolls
  2 white imps
  3 ufetubi
  A dart slug (D:2)
  29 orcs
  8 ball pythons
  9 endoplasms
  4 giant cockroaches
  12 goblins
  6 hobgoblins
  6 quokkas
  2 bats
  2 frilled lizards
  26 kobolds
  6 rats
286 creatures vanquished.

Vanquished Creatures (others)
  An orc wizard (D:10)
1 creature vanquished.

Grand Total: 287 creatures vanquished

Notes
Turn   | Place    | Note
-------+----------+-------------------------------------------
     0 | D:1      | Citaku the Minotaur Fighter began the quest for the Orb.
     0 | D:1      | Reached XP level 1. HP: 19/19 MP: 0/0
   280 | D:1      | Reached XP level 2. HP: 26/27 MP: 1/1
   679 | D:1      | Reached XP level 3. HP: 31/33 MP: 2/2
   834 | D:1      | Found Titz's Magic Scroll Shoppe.
  1420 | D:2      | Identified the +5 hand axe of the Warrior {pain, Int+3
                  | SInv}
  2097 | D:3      | Noticed Natasha
  2105 | D:3      | Killed Natasha
  2106 | D:3      | Reached XP level 4. HP: 33/40 MP: 3/3
  2221 | D:3      | Noticed a scorpion
  2225 | D:3      | Killed a scorpion
  2226 | D:3      | Reached skill level 5 in Armour
  2226 | D:3      | Reached XP level 5. HP: 46/46 MP: 4/4
  2236 | D:3      | Noticed a black bear
  2244 | D:3      | Killed a black bear
  2343 | D:3      | Noticed Natasha
  2353 | D:3      | Killed Natasha
  2354 | D:3      | Reached XP level 6. HP: 49/53 MP: 5/5
  2424 | D:3      | Found a transporter.
  2446 | D:3      | Found a transporter.
  2560 | D:3      | Noticed Natasha
  2565 | D:3      | Killed Natasha
  2651 | D:4      | Reached skill level 5 in Axes
  2672 | D:4      | Found a glowing golden altar of the Shining One.
  2826 | D:4      | Found a staircase to the Ecumenical Temple.
  2876 | D:4      | Found a radiant altar of Vehumet.
  2906 | Temple   | Entered the Ecumenical Temple
  3102 | Temple   | Became a worshipper of Gozag Ym Sagoz the Greedy
  3222 | D:4      | You fall into a shaft and drop 2 floors!
  3233 | D:6      | Reached skill level 5 in Shields
  3310 | D:6      | Found a sparkling altar of Nemelex Xobeh.
  3350 | D:6      | Noticed an ice beast
  3357 | D:6      | Killed an ice beast
  3358 | D:6      | Reached skill level 5 in Fighting
  3358 | D:6      | Reached XP level 7. HP: 61/61 MP: 6/6
  3554 | D:5      | Entered Level 5 of the Dungeon
  3857 | D:4      | Found a burning altar of Makhleb.
  3861 | D:4      | Reached XP level 8. HP: 70/70 MP: 7/7
  4024 | D:5      | Noticed Menkaure
  4030 | D:5      | Killed Menkaure
  4142 | D:5      | Noticed Blork the orc
  4150 | D:5      | Killed Blork the orc
  4282 | D:5      | Identified the +9 war axe "Rateoh" {flame, Int+3}
  4639 | D:6      | Found a runed translucent door.
  4639 | D:6      | Noticed WasteTime5's ghost (novice OpTm)
  4960 | D:6      | Killed WasteTime5's ghost
  4961 | D:6      | Reached XP level 9. HP: 68/78 MP: 8/8
  5046 | D:7      | Found a stormy altar of Qazlal.
  5596 | D:7      | Reached skill level 10 in Armour
  5865 | D:8      | Noticed an efreet
  5874 | D:8      | Killed an efreet
  6101 | D:8      | Reached skill level 10 in Axes
  6220 | D:8      | Noticed Maurice
  6242 | D:8      | Killed Maurice
  6243 | D:8      | Reached XP level 10. HP: 81/88 MP: 9/9
  6388 | D:8      | Noticed Grum
  6397 | D:8      | Killed Grum
  7044 | D:9      | Found a blossoming altar of Fedhas.
  7049 | D:9      | Found a flagged portal.
  7066 | Bailey   | Entered a bailey
  7438 | Bailey   | Noticed a vault guard
  7445 | Bailey   | Killed a vault guard
  7526 | Bailey   | Noticed a vault guard
  7536 | Bailey   | Killed a vault guard
  7537 | Bailey   | Reached XP level 11. HP: 60/97 MP: 10/10
  7653 | Bailey   | Identified a scroll of acquirement
  7653 | Bailey   | Acquired 1293 gold pieces
  7921 | D:9      | Acquired 1057 gold pieces
  8030 | D:9      | Found a staircase to the Lair.
  8052 | D:9      | Noticed Prince Ribbit
  8061 | D:9      | Killed Prince Ribbit
  8077 | D:9      | Found a broken altar of Ashenzari.
  8862 | D:10     | Entered Level 10 of the Dungeon
  8954 | D:10     | Found a staircase to the Orcish Mines.
  9415 | D:10     | Found a shimmering altar of Xom.
  9416 | D:10     | Found a hazy altar of Hepliaklqana.
  9596 | D:10     | Reached skill level 10 in Shields
  9892 | D:11     | Reached skill level 10 in Fighting
 10175 | D:11     | Noticed a boulder beetle
 10191 | D:11     | Killed a boulder beetle
 10192 | D:11     | Reached XP level 12. HP: 90/106 MP: 11/11
 10971 | D:11     | Found an ornate altar of the Wu Jian Council.
 11043 | D:12     | Found a runed translucent gate.
 11044 | D:12     | Found a runed translucent gate.
 11044 | D:12     | Found a runed translucent gate.
 11045 | D:12     | Noticed flinch's ghost (journeyman DjAE)
 11045 | D:12     | Noticed LetschGu's ghost (journeyman SpHs)
 11045 | D:12     | Noticed Odyam's ghost (journeyman MiFi)
 11167 | D:12     | Gained mutation: Your mind is acute. (Int +4, Str/Dex -1)
                  | [potion of mutation]
 11167 | D:12     | Gained mutation: Your muscles are strong. (Str +4, Int/Dex
                  | -1) [potion of mutation]
 11167 | D:12     | Gained mutation: Armour fits poorly on your strangely
                  | shaped body. [potion of mutation]
 11167 | D:12     | Gained mutation: Your spells are a little harder to cast,
                  | but a little more powerful. [potion of mutation]
 11168 | D:12     | Lost mutation: Your spells are a little harder to cast, but
                  | a little more powerful. [potion of mutation]
 11168 | D:12     | Lost mutation: Armour fits poorly on your strangely shaped
                  | body. [potion of mutation]
 11168 | D:12     | Lost mutation: Your mind is acute. (Int +4, Str/Dex -1)
                  | [potion of mutation]
 11168 | D:12     | Gained mutation: You possess an exceptional clarity of
                  | mind. [potion of mutation]
 11168 | D:12     | Lost mutation: Your muscles are strong. (Str +4, Int/Dex
                  | -1) [potion of mutation]
 11168 | D:12     | Gained mutation: You are somewhat resistant to further
                  | mutation. [potion of mutation]
 11168 | D:12     | Gained mutation: Your system is resistant to poisons.
                  | (rPois) [potion of mutation]
 11180 | D:12     | Noticed a two-headed ogre
 11185 | D:12     | Slain by Odyam's ghost

Illustrated notes

Levels and vault maps discovered:
D:1:      dpeg_arrival_rhombi, layout_loops_corners, serial_shops,
          nicolae_shop_hallway_plus, minmay_pentomino_o4
D:2:      layout_basic, serial_co_window_serial, co_window_paths_a,
          co_window_paths_a, co_window_cross_1, co_window_paths_b,
          co_window_of_opportunity_a, co_window_corner_b, co_window_cross_4,
          co_window_broadway_b, co_window_corner_b, co_window_broadway_b,
          co_window_cross_3, co_window_unsneaky_path_c, co_window_paths_e,
          glass_columns_a, glass_columns_c, glass_columns_b, glass_columns_c
D:3:      gammafunk_wand_slinger, layout_rooms, uniq_natasha
D:4:      layout_rooms, makhleb_blood_cavern_becter, marbit_many_paths,
          vehumet_crystals, temple_pool_b
D:5:      layout_cave_pools, minmay_fire_ice_demons, uniq_menkaure,
          uniq_blork_the_orc
D:6:      layout_cave_pools, nemelex_xobeh_ov_fountains_minmay,
          hellmonk_ghost_happy_afterlife, ldierk_geyser
D:7:      layout_loops_cross, grunt_qazlal_sundering,
          chequers_serial_rivers_micro_e
D:8:      kennysheep_blocky_hall, layout_basic, uniq_grum, uniq_maurice
D:9:      layout_small_grid, general_overflow_altar, fedhas_altar_1,
          erik_lair_island, enter_bailey_5, grunt_ministairs_4,
          kennysheep_generic_room_5, uniq_prince_ribbit1
D:10:     layout_basic, regret_index_temple_of_mockery, orc_0_dummy
D:11:     layout_irregular_city, pdpol_wu_jian_five_deadly_venoms
D:12:     layout_roguey [special_room_orc], gammafunk_ghost_cemetery
Temple:   nicolae_temple_figure_eight

Skill      XL: |  1  2  3  4  5  6  7  8  9 10 11 12 |
---------------+-------------------------------------+-----
Armour         | 4 5 6 7 9 10 12 14 | 14.3
Axes           | 3 4 5 6 8 10 12 13 14 | 14.0
Shields        | 4 5 6 8 9 10 | 10.5
Fighting       | 4 5 6 7 9 10 | 10.4

Action                   |  1- 3 |  4- 6 |  7- 9 | 10-12 || total
-------------------------+-------+-------+-------+-------++-------
Melee: War axe           |    89 |    75 |   187 |    72 ||   423
       Headbutt          |    11 |    14 |    25 |    79 ||   129
       Broad axe         |       |       |       |   273 ||   273
  Use: Scroll            |       |       |       |    21 ||    21
       Potion            |       |       |       |    10 ||    10
 Stab: Distracted        |       |       |     3 |     1 ||     4
Armor: Scale mail        |    48 |    38 |    86 |    34 ||   206
       Plate armour      |       |       |       |   160 ||   160
       Skin              |       |       |       |     5 ||     5
Dodge: Dodged            |    31 |    30 |    61 |   121 ||   243
Block: Buckler           |    22 |    19 |    52 |   193 ||   286

Table legend: (Time is in decaauts)
 A = Elapsed time spent in this place.
 B = Non-inter-level travel time spent in this place.
 C = Inter-level travel time spent in this place.
 D = Time resting spent in this place.
 E = Time spent auto-exploring this place.
 F = Levels seen in this place.
 G = Mean time per level.
                   A        B        C        D        E       F      G
               +--------+--------+--------+--------+--------+-----+--------+
         Total |  11279 |  10829 |    450 |    157 |   8875 |  14 |  805.6 |
       Dungeon |  10376 |   9953 |    423 |    124 |   8186 |  12 |  864.7 |
        Temple |    222 |    196 |     26 |      0 |    188 |   1 |  222.0 |
        Bailey |    680 |    680 |      0 |     33 |    501 |   1 |  680.0 |
               +--------+--------+--------+--------+--------+-----+--------+

Top non-repeatable levels by time:
     D:8: 1276 daAuts
    D:11: 1270 daAuts
     D:9: 1156 daAuts
     D:2: 1150 daAuts
     D:1: 956 daAuts
    D:10: 877 daAuts
     D:6: 779 daAuts
     D:7: 750 daAuts
     D:5: 716 daAuts
     D:4: 696 daAuts
  Bailey: 680 daAuts
     D:3: 572 daAuts
  Temple: 222 daAuts
    D:12: 171 daAuts
